 Seeded DCSS version 0.30-a0-1043-g60ff8d5f49 (webtiles) character file.

Game seed: 7547814903460644772 (custom seed)

1389 DeathPants the Sneak (level 8, 0/45 HPs)
             Began as a Vine Stalker Venom Mage on Apr 10, 2023.
             Was an Initiate of Kikubaaqudgha.
             Slain by an ogre
             ... wielding a +0 giant spiked club
              (10 damage)
             ... on level 6 of the Dungeon.
             The game lasted 00:19:55 (5080 turns).

DeathPants the Sneak (Vine Stalker Venom Mage)      Turns: 5080, Time: 00:19:56

Health: 0/45       AC:  5    Str: 11    XL:     8   Next: 68%
Magic:  0/19       EV: 14    Int: 15    God:    Kikubaaqudgha [......]
Gold:   160        SH:  0    Dex: 17    Spells: 10/20 levels left

rFire   . . .      SeeInvis .    a - +5 dagger (venom)
rCold   . . .      Faith    .    (no shield)
rNeg    . . .      Spirit   +    t - +0 robe
rPois   .          Reflect  .    (no helmet)
rElec   .          Rampage  .    A - +2 cloak
rCorr   .                        (no gloves)
Will    +....                    (no boots)
Stlth   ++++                     (no amulet)
HPRegen 1.07/turn                (no ring)
MPRegen 0.16/turn                (no ring)

@: mighty, radiating poison
A: fangs 3, regeneration 1, magic shield, antimagic bite, no potion heal 2
a: Renounce Religion


You were on level 6 of the Dungeon.
You worshipped Kikubaaqudgha.
Kikubaaqudgha was noncommittal.
You visited 1 branch of the dungeon, and saw 6 of its levels.

You collected 330 gold pieces.
You spent 170 gold pieces at shops.

Inventory:

Hand Weapons
 a - a +5 dagger of venom (weapon)
 b - a +1 scimitar of flaming
 h - a +0 rapier
 E - a +4 dagger
Missiles
 r - a throwing net
 s - 14 poisoned darts
 v - 8 boomerangs
Armour
 t - a +0 robe (worn)
 A - a +2 cloak (worn)
Wands
 C - a wand of flame (28)
Scrolls
 c - a scroll of blinking {unknown}
 d - a scroll of magic mapping {unknown}
 g - a scroll of poison {unknown}
 k - a scroll of enchant weapon
 n - 4 scrolls of immolation {unknown}
 o - a scroll of vulnerability {unknown}
 p - 3 scrolls of teleportation {unknown}
 y - a scroll of amnesia {unknown}
 B - a scroll of noise {unknown}
Potions
 e - 2 potions of magic
 f - a potion of might
 i - a potion of cancellation
 j - 3 potions of haste
 l - a potion of degeneration {unknown}
 m - a potion of brilliance {unknown}
 q - a potion of flight {unknown}
 u - 3 potions of heal wounds
 w - a potion of mutation {unknown}
 x - a potion of resistance {unknown}
 z - 2 potions of attraction {unknown}
 D - a potion of curing {unknown}


   Skills:
 - Level 6.3 Fighting
 + Level 2.4 Long Blades
 - Level 4.6 Dodging
 - Level 7.3 Stealth
 - Level 6.8 Spellcasting
 - Level 4.4 Conjurations
 - Level 1.0 Transmutations
 - Level 4.4 Air Magic
 - Level 6.3 Poison Magic


You had 10 spell levels left.
You knew the following spells:

 Your Spells              Type           Power      Damage    Failure   Level
a - Sting                 Tmut/Pois      64%        1d6       3%          1
b - Poisonous Vapours     Pois/Air       42%        N/A       2%          2
c - Mephitic Cloud        Conj/Pois/Air  20%        N/A       4%          3
d - Olgreb's Toxic Radia  Pois           24%        N/A       10%         4

Your spell library contained the following spells:

 Spells                   Type           Power      Damage    Failure   Level
 Swiftness                Air            18%        N/A       6%          3
 Passwall                 Tmut/Erth      5%         N/A       17%         2
 Blink                    Tloc           10%        N/A       21%         2
 Ensorcelled Hibernation  Hex/Ice        10%        N/A       21%         2
 Lesser Beckoning         Tloc           10%        N/A       21%         2
 Gell's Gravitas          Tloc           5%         N/A       38%         3
 Inner Flame              Hex/Fire       5%         N/A       38%         3
 Teleport Other           Tloc           5%         N/A       38%         3
 Freezing Cloud           Conj/Ice/Air   7%         6-21      73%         5
 Manifold Assault         Tloc           5%         N/A       80%         4
 Yara's Violent Unravell  Hex/Tmut       3%         3d4       97%         5
 Enfeeble                 Hex            2%         N/A       100%        7
 Storm Form               Tmut/Air       6%         N/A       100%        7


Dungeon Overview and Level Annotations

Branches:
Dungeon (6/15)
 Temple: D:4-7

Altars:
Ashenzari
Elyvilon
Fedhas
Gozag
Kikubaaqudgha
Makhleb
Nemelex Xobeh
Okawaru
Ru
Wu Jian
Yredelemnul
Zin

Shops:
D:5 (


Innate Abilities, Weirdness & Mutations

You have razor-sharp teeth.
Your natural rate of healing is unusually fast.
When hurt, damage is shared between your health and your magic reserves.
Your bite disrupts and absorbs the magic of your enemies.
Potions cannot restore your health.


Message History

Things that are here:
a +0 short sword; a +0 ring mail You see here a +0 falchion.
There is a stone staircase leading up here.
You see here a +0 club.
Done exploring.
There is a stone staircase leading down here.
You climb downwards.
The sleepcap closely misses you. The ogre closely misses you.
The ogre barely misses you. The sleepcap completely misses you.
There is a stone staircase leading up here.
Casting: Poisonous Vapours (safe; 2% risk of failure)
Confirm with . or Enter, or press ? or * to list all spells.
You begin to radiate toxic energy.
The ogre is poisoned. x2
The ogre looks even sicker. x2; The ogre misses you.
The ogre hits you with a +0 giant spiked club!!
The sleepcap closely misses you.
Casting: Olgreb's Toxic Radiance (quite dangerous; 10% risk of failure)
Confirm with . or Enter, or press ? or * to list all spells.
Your toxic radiance grows in intensity.
The ogre looks even sicker. x2
The ogre looks as sick as possible!
The ogre barely misses you. The sleepcap misses you.
The ogre completely misses you.
You hit the ogre.
The ogre looks as sick as possible!
You bite the ogre. You drain its power.
You feel invigorated.
The ogre is heavily wounded.
The ogre looks as sick as possible!
The sleepcap misses you.
You hit the ogre.
The ogre looks as sick as possible!
The ogre is almost dead.
The ogre looks as sick as possible!
The ogre hits you with a +0 giant club!
The ogre hits you with a +0 giant spiked club!!
* * * LOW HITPOINT WARNING * * *
The sleepcap releases spores at you.
* * * LOW HITPOINT WARNING * * *
Okay, then.
You feel very mighty all of a sudden.
You kill the ogre!
Kikubaaqudgha accepts your kill.
The ogre hits you with a +0 giant spiked club!
You die...
Kikubaaqudgha rasps: "You have failed me!
Welcome... death!"

... #..
####+##..
#?......#
+.......#
#.......#
#...O.f.#
#....@..#
###..).##
#....#
#....#
#....#
#....#
.....#
####
#.....#
...#


You could see an ogre (extremely poisoned) and a sleepcap.

Vanquished Creatures
  Eustachio (D:5)
  Edmund (D:5)
  Duvessa (D:5)
  5 ogres
  A gnoll sergeant (D:5)
  A scorpion (D:5)
  Dowan (D:5)
  Crazy Yiuf (D:3)
  2 hounds
  Jessica (D:2)
  Natasha (twice) (D:3)
  2 orc wizards
  6 adders
  3 gnolls (D:5)
  A river rat (D:4)
  A white imp (D:5)
  7 worms
  A dart slug (D:3)
  10 orcs
  4 ball pythons
  4 bats
  4 endoplasms
  A giant cockroach (D:3)
  10 hobgoblins
  7 jackals
  3 quokkas
  3 frilled lizards
  8 goblins
  6 kobolds
  2 rats (D:1)
100 creatures vanquished.

Vanquished Creatures (others)
  A fungus (D:3)
  5 toadstools (D:3)
  2 withered plants (D:4)
8 creatures vanquished.

Grand Total: 108 creatures vanquished

Notes
Turn   | Place    | Note
-------+----------+-------------------------------------------
     0 | D:1      | DeathPants the Vine Stalker Venom Mage began the quest for
                  | the Orb.
     0 | D:1      | Reached XP level 1. HP: 9/9 MP: 4/4
   296 | D:1      | Reached XP level 2. HP: 6/13 MP: 0/6
   337 | D:1      | Learned a level 2 spell: Poisonous Vapours
   454 | D:1      | Found a faded altar of an unknown god.
   870 | D:2      | Reached XP level 3. HP: 16/16 MP: 5/7
   905 | D:2      | Learned a level 3 spell: Mephitic Cloud
   911 | D:2      | Reached skill level 5 in Spellcasting
   911 | D:2      | Gained mutation: Your natural rate of healing is unusually
                  | fast. [Vine Stalker growth]
   911 | D:2      | Reached XP level 4. HP: 25/25 MP: 8/12
   912 | D:2      | Reached skill level 7 in Stealth
   912 | D:2      | Reached XP level 5. HP: 32/32 MP: 8/13
   918 | D:2      | Learned a level 4 spell: Olgreb's Toxic Radiance
  1097 | D:2      | Noticed Jessica
  1103 | D:2      | Killed Jessica
  1777 | D:4      | Noticed an ogre
  1886 | D:4      | Killed an ogre
  1887 | D:4      | Reached XP level 6. HP: 37/37 MP: 10/15
  2021 | D:4      | Found a sparkling altar of Nemelex Xobeh.
  2138 | D:4      | Found a burning altar of Makhleb.
  2145 | D:4      | Found a glowing silver altar of Zin.
  2145 | D:4      | Noticed a balrug
  2145 | D:4      | Noticed an angel
  2393 | D:4      | Reached XP level 7. HP: 37/40 MP: 13/16
  2846 | D:5      | Entered Level 5 of the Dungeon
  2863 | D:4      | Found a basalt altar of Yredelemnul.
  3177 | D:3      | Found a broken altar of Ashenzari.
  3392 | D:3      | Noticed Natasha
  3398 | D:3      | Killed Natasha
  3420 | D:3      | Found an ornate altar of the Wu Jian Council.
  3436 | D:3      | Noticed Natasha
  3442 | D:3      | Killed Natasha
  3724 | D:3      | Found a runed translucent door.
  3725 | D:3      | Noticed Crazy Yiuf
  3732 | D:3      | Killed Crazy Yiuf
  3917 | D:5      | Found an ancient bone altar of Kikubaaqudgha.
  3918 | D:5      | Found a blossoming altar of Fedhas.
  3929 | D:5      | Became a worshipper of Kikubaaqudgha
  4172 | D:5      | Noticed Edmund
  4191 | D:5      | Killed Edmund
  4192 | D:5      | Gained mutation: You have razor-sharp teeth. [Vine Stalker
                  | growth]
  4192 | D:5      | Reached XP level 8. HP: 22/44 MP: 9/18
  4262 | D:5      | Found a sacrificial altar of Ru.
  4262 | D:5      | Found a white marble altar of Elyvilon.
  4263 | D:5      | Found an opulent altar of Gozag.
  4273 | D:5      | Found an iron altar of Okawaru.
  4427 | D:5      | Found Yschepa's Hydra Hut.
  4428 | D:5      | Noticed a six-headed hydra
  4435 | D:5      | Bought a +1 scimitar of flaming for 170 gold pieces
  4684 | D:5      | Noticed Duvessa
  4686 | D:5      | Noticed Dowan
  4693 | D:5      | Killed Duvessa
  4694 | D:5      | Reached skill level 1 in Long Blades
  4695 | D:5      | Killed Dowan
  4794 | D:5      | Noticed Eustachio
  4806 | D:5      | Killed Eustachio
  5080 | D:6      | Slain by an ogre

Illustrated notes

Levels and vault maps discovered:
D:1:      lordsloth_arrival_two_stooges, layout_basic,
          chequers_ecumenical_altar_simple
D:2:      layout_loops_ring, uniq_jessica
D:3:      layout_loops_cross, ashenzari_conservatory_becter,
          nzn_wu_jian_council_hall, chequers_serial_rivers_room_a,
          grunt_decor_cap, hangedman_abyss_or_decor_lesser_grid,
          hangedman_decor_peaks_small, minmay_gold_behind_fungi, uniq_natasha,
          uniq_crazy_yiuf_cottage
D:4:      layout_loops_ring, grunt_temple_overflow_order_and_chaos_2,
          yredelemnul_altar_generic, nemelex_dance_club_becter,
          gup_sewer_entry_bubbles
D:5:      layout_loops_ring, grunt_temple_overflow_growth_and_decay,
          nicolae_overflow_quartered_altars, doesnt_shop_hydraphobe,
          uniq_edmund, uniq_duvessa, uniq_eustachio
D:6:      cheibrodos_two_vegetables, layout_basic,
          mainiacjoe_overflow_surrounded_room, mainiacjoe_overflow_tiny_flanked,
          minmay_temple_entry_arrows, serial_shops, nicolae_shop_crystal,
          chequers_avenue, nicolae_elevator_lobby_plus

Skill      XL: |  1  2  3  4  5  6  7  8 |
---------------+-------------------------+-----
Poison Magic   | 4 6 |  6.3
Fighting       | 4 6 |  6.3
Spellcasting   | 5 6 |  6.8
Conjurations   | 4 |  4.4
Air Magic      | 4 |  4.4
Dodging        | 4 |  4.6
Stealth        | 7 |  7.3
Long Blades    | 2 |  2.4
Transmutations | |  1.0

Action                     |  1- 3 |  4- 6 |  7- 9 || total
---------------------------+-------+-------+-------++-------
  Melee: Unarmed           |     7 |       |       ||     7
         Bite              |     5 |    16 |    29 ||    50
         Dagger            |    25 |    52 |    95 ||   172
         Punch             |       |     1 |       ||     1
   Cast: Sting             |    28 |    11 |     1 ||    40
         Poisonous Vapours |       |    21 |    46 ||    67
         Mephitic Cloud    |       |     2 |     7 ||     9
         Olgreb's Toxic Ra |       |       |    13 ||    13
    Use: Potion            |     1 |     1 |     1 ||     3
         Scroll            |       |       |     6 ||     6
   Stab: Distracted        |     1 |       |       ||     1
         Sleeping          |       |     8 |     3 ||    11
         Confused          |       |       |     3 ||     3
 Armour: Robe              |    16 |     7 |     5 ||    28
  Dodge: Dodged            |    30 |    22 |    53 ||   105

Table legend: (Time is in decaauts)
 A = Elapsed time spent in this place.
 B = Non-inter-level travel time spent in this place.
 C = Inter-level travel time spent in this place.
 D = Time resting spent in this place.
 E = Time spent auto-exploring this place.
 F = Levels seen in this place.
 G = Mean time per level.
                   A        B        C        D        E       F      G
               +--------+--------+--------+--------+--------+-----+--------+
         Total |   5112 |   4853 |    259 |    195 |   3493 |   6 |  852.0 |
       Dungeon |   5112 |   4853 |    259 |    195 |   3493 |   6 |  852.0 |
               +--------+--------+--------+--------+--------+-----+--------+

Top non-repeatable levels by time:
     D:4: 1201 daAuts
     D:5: 1189 daAuts
     D:3: 1066 daAuts
     D:2: 966 daAuts
     D:1: 675 daAuts
     D:6: 13 daAuts
